 Dungeon Crawl Stone Soup version 0.28-a0-863-g8cecda6153 (webtiles) character file.

Game seed: 14083776332049522820

3190 AlleluiaPinecone the Slicer (level 9, -4/78 HPs)
             Began as a Hill Orc Fighter on Nov 17, 2021.
             Was an Initiate of Ashenzari.
             Slain by a two-headed ogre (5 damage)
             ... on level 7 of the Dungeon.
             The game lasted 00:18:30 (8494 turns).

AlleluiaPinecone the Slicer (Hill Orc Fighter)      Turns: 8494, Time: 00:18:31

Health: -4/78      AC: 19    Str: 19    XL:     9   Next: 96%
Magic:  9/9        EV:  4    Int:  8    God:    Ashenzari [......]
Gold:   356        SH: 10    Dex: 19    Spells: 8/8 levels left

rFire   . . .      SeeInvis +   a - +0 short sword (elec)
rCold   . . .      Faith    .   w - +0 kite shield
rNeg    . . .      Spirit   .   t - +0 plate armour
rPois   .          Reflect  .   u - +0 mask of the Dragon {Will+ Slay+3 SInv}
rElec   .          Harm     .   (no cloak)
rCorr   .          Rampage  .   (no gloves)
Will    +....                   v - +1 pair of boots
Stlth   ..........              (no amulet)
HPRegen 0.23/turn               r - ring of Apeoromancy {Dex+6, Alch, Melee} (curse)
MPRegen 0.11/turn               n - +4 ring of protection

@: mighty, studying Long Blades
A: no striking features
a: Renounce Religion, Shatter the Chains


You were on level 7 of the Dungeon.
You worshipped Ashenzari.
Ashenzari was noncommittal.
You visited 2 branches of the dungeon, and saw 9 of its levels.

You collected 411 gold pieces.
You spent 55 gold pieces at shops.

Inventory:

Hand Weapons
 a - a +0 short sword of electrocution (weapon)
Missiles
 e - 406 stones
 h - 34 poisoned darts (quivered)
 i - 125 bolts
 m - 6 boomerangs
 q - 104 arrows
 y - 15 sling bullets
Armour
 p - a +2 helmet
 t - a +0 plate armour (worn)
 u - the +0 mask of the Dragon (worn) {Will+ Slay+3 SInv}
   (You found it on level 5 of the Dungeon)

   Slay:      It affects your accuracy & damage with ranged weapons and melee
   (+3).
   SInv:      It lets you see invisible.
   Will:      It increases your willpower.
 v - a +1 pair of boots (worn)
 w - a +0 kite shield (worn)
Jewellery
 n - a +4 ring of protection (right hand)
 r - the cursed ring of Apeoromancy (left hand) {Dex+6, Alch, Melee}
   (You found it on level 2 of the Dungeon)

   [ring of dexterity]

   Dex:       It affects your dexterity (+6).
   It has a curse which improves the following skills: Alchemy: Poison Magic and
   Transmutations.
   Melee Combat: Short Blades, Long Blades, Axes, Maces & Flails, Polearms,
   Staves and Unarmed Combat.
Wands
 s - a wand of polymorph (11)
 x - a wand of iceblast (13)
Scrolls
 c - a scroll of fog
 f - 2 scrolls of teleportation
Potions
 b - 2 potions of cancellation
 g - 3 potions of haste
 j - 2 potions of degeneration
 k - a potion of berserk rage
 l - a potion of flight {unknown}
 o - 4 potions of curing


   Skills:
 + Level 6.5 Fighting
 * Level 10.2(10.7) Short Blades
 - Level 3.9(4.3) Axes
 + Level 7.4 Armour
 + Level 0.7 Dodging
 + Level 1.6 Stealth
 + Level 5.0 Shields


You had 8 spell levels left.
You didn't know any spells.
Your spell library contained the following spells:

 Spells                   Type           Power      Damage    Failure   Level
 Pain                     Necr           0%         1d4       100%        1
 Summon Small Mammal      Summ           0%         N/A       100%        1
 Ensorcelled Hibernation  Hex/Ice        0%         N/A       100%        2
 Call Canine Familiar     Summ           0%         N/A       100%        3
 Summon Guardian Golem    Hex/Summ       0%         N/A       100%        3
 Tukima's Dance           Hex            0%         N/A       100%        3
 Summon Lightning Spire   Summ/Air       0%         N/A       100%        4
 Agony                    Necr           0%         N/A       100%        5
 Excruciating Wounds      Necr           0%         N/A       100%        5
 Storm Form               Tmut/Air       0%         N/A       100%        7
 Maxwell's Capacitive Co  Air            0%         ∞         100%        8


Dungeon Overview and Level Annotations

Branches:
Dungeon (8/15)             Temple (1/1) D:5
   Lair: D:8-11

Altars:
Ashenzari
Cheibriados
Dithmenos
Elyvilon
Gozag
Hepliaklqana
Kikubaaqudgha
Makhleb
Okawaru
Qazlal
Ru
Trog
Uskayaw
Vehumet
Wu Jian
Xom
Yredelemnul
Zin

Shops:
D:2 !


Message History

The orc is heavily wounded.
The orc barely misses you. The orc hits you but does no damage.
You hit the orc.
You kill the orc!
An orc and an orc wizard come into view.
The orc shouts!
The orc wizard shouts!
You hear a shout!
You block the orc's attack.
The orc wizard mumbles some strange words.
The orc wizard flickers and vanishes for a moment.
Things that are here:
a +0 dagger; an orc corpse You block the orc's attack.
There is a stone staircase leading up here.
You block the orc's attack.
The two-headed ogre hits you with a +0 giant spiked club!!
The two-headed ogre hits you with a +0 giant spiked club!
The orc hits you but does no damage.
There is a stone staircase leading up, spattered with blood here.
The orc barely misses you. You block the two-headed ogre's attack.
The two-headed ogre hits you but does no damage.
You climb upwards.
There is a stone staircase leading down here.
You feel very mighty all of a sudden. The two-headed ogre barely misses you.
The two-headed ogre hits you with a +0 giant spiked club.
You puncture the two-headed ogre!
The two-headed ogre is lightly wounded.
You puncture the two-headed ogre!
Lightning courses through the two-headed ogre!
The two-headed ogre is severely wounded.
The two-headed ogre hits you with a +0 giant spiked club!
* * * LOW HITPOINT WARNING * * *
The two-headed ogre hits you with a +0 giant spiked club!
* * * LOW HITPOINT WARNING * * *
You puncture the two-headed ogre!
The two-headed ogre is almost dead.
The two-headed ogre hits you with a +0 giant spiked club!
* * * LOW HITPOINT WARNING * * *
The two-headed ogre hits you with a +0 giant spiked club.
You die...

##.# ##..#... ### ##..###..
##.### #.. #######.## ##.#
###......## #.## ###
##....##### #.# #.###
####....## ##)#
##...####....O..## #####..#
#..........).@...#####......##
##..#######..................#
#..# ##..........######## ####
#........### ##>.....###
##......## ##..###..## ##.###
#...## ##.## ##....##


You could see a two-headed ogre.

Vanquished Creatures
  Sigmund (D:6)
  4 vampire mosquitoes (D:6)
  An ice beast (D:4)
  2 black bears (D:6)
  2 ogres
  A sky beast (D:7)
  A necrophage (D:6)
  2 kobold brigands
  2 bullfrogs
  2 scorpions
  A wyvern skeleton (D:7)
  A wyvern zombie (D:5)
  8 killer bees (D:7)
  A bullfrog zombie (D:7)
  A bullfrog skeleton (D:6)
  3 hounds
  2 jellies
  5 orc priests
  2 gnoll shamans
  3 iron imps (D:6)
  6 iguanas
  4 orc wizards
  A scorpion zombie (D:5)
  A mummy (D:6)
  A hound skeleton (D:4)
  A howler monkey zombie (D:6)
  Robin (D:4)
  3 adders
  9 gnolls
  2 white imps
  An ufetubus (D:5)
  A worm (D:2)
  2 dart slugs
  23 orcs
  6 ball pythons
  4 bats
  6 endoplasms
  7 giant cockroaches
  12 goblins
  12 hobgoblins
  16 kobolds
  5 quokkas
  4 frilled lizards
  5 rats
178 creatures vanquished.

Notes
Turn   | Place    | Note
-------+----------+-------------------------------------------
     0 | D:1      | AlleluiaPinecone the Hill Orc Fighter began the quest for
                  | the Orb.
     0 | D:1      | Reached XP level 1. HP: 19/19 MP: 1/1
    31 | D:1      | Found a faded altar of an unknown god.
   137 | D:1      | Reached XP level 2. HP: 25/27 MP: 2/2
   422 | D:1      | Reached XP level 3. HP: 28/33 MP: 3/3
  1309 | D:2      | Found Riqus's Distillery.
  1326 | D:2      | Bought a potion of heal wounds for 55 gold pieces
  2198 | D:3      | Reached XP level 4. HP: 32/41 MP: 4/4
  2822 | D:4      | You fall into a shaft and drop 2 floors!
  2829 | D:5      | Entered Level 5 of the Dungeon
  2844 | D:5      | Found the +0 mask of the Dragon {Will+ Slay+3 SInv}
  2868 | D:4      | Noticed a scorpion
  2874 | D:4      | Killed a scorpion
  2875 | D:4      | Reached skill level 1 in Short Blades
  2875 | D:4      | Reached XP level 5. HP: 41/47 MP: 5/5
  2969 | D:4      | Noticed an ice beast
  2970 | D:4      | Reached skill level 2 in Short Blades
  2975 | D:4      | Killed an ice beast
  2976 | D:4      | Reached XP level 6. HP: 27/55 MP: 6/6
  3130 | D:4      | Reached skill level 3 in Short Blades
  3430 | D:4      | Noticed Robin
  3465 | D:4      | Killed Robin
  3467 | D:4      | Reached skill level 5 in Armour
  4095 | D:5      | Found a white marble altar of Elyvilon.
  4183 | D:5      | Reached skill level 5 in Fighting
  4183 | D:5      | Reached skill level 4 in Short Blades
  4183 | D:5      | Reached XP level 7. HP: 61/61 MP: 7/7
  4562 | D:5      | Reached skill level 5 in Short Blades
  4980 | D:5      | Found a staircase to the Ecumenical Temple.
  4992 | Temple   | Entered the Ecumenical Temple
  5401 | Temple   | Became a worshipper of Ashenzari the Shackled
  5627 | D:6      | Reached XP level 8. HP: 61/68 MP: 8/8
  5688 | D:6      | Noticed Sigmund
  5936 | D:6      | Killed Sigmund
  5937 | D:6      | Reached skill level 6 in Short Blades
  5984 | D:6      | Found a snail-covered altar of Cheibriados.
  6048 | D:6      | Reached skill level 7 in Short Blades
  6066 | D:6      | Reached XP level 9. HP: 31/75 MP: 9/9
  6080 | D:6      | Reached skill level 8 in Short Blades
  6084 | D:6      | Found a shadowy altar of Dithmenos.
  6387 | D:6      | Found a hide-covered altar of Uskayaw.
  6536 | D:6      | Found a hazy altar of Hepliaklqana.
  6573 | D:6      | Found a burning altar of Makhleb.
  6904 | D:7      | Reached skill level 9 in Short Blades
  6944 | D:7      | Reached skill level 1 in Stealth
  7514 | D:7      | Reached skill level 5 in Shields
  7809 | D:7      | Reached skill level 10 in Short Blades
  8479 | D:8      | Noticed a two-headed ogre
  8494 | D:7      | HP: 1/78 [two-headed ogre (9)]
  8494 | D:7      | Slain by a two-headed ogre

Illustrated notes

Levels and vault maps discovered:
D:1:      dpeg_arrival_pond, layout_loops_ring,
          chequers_ecumenical_altar_simple_redux, minmay_tromino_i4
D:2:      layout_basic, serial_shops, shop
D:3:      layout_rooms, grunt_decor_one_mirror
D:4:      layout_basic, uniq_robin
D:5:      layout_rooms, mainiacjoe_overflow_chevrons,
          minmay_temple_entry_enclosed_plants
D:6:      layout_rooms, demons_altar, nicolae_dithmenos_through_a_glass_darkly,
          nicolae_uskayaw_dance_studio, worldfamousw_hep_ancestral_shrine,
          slow_altar_1, uniq_sigmund
D:7:      layout_layer_cave
D:8:      layout_loops_cross, enter_bailey_5, uniq_prince_ribbit1
Temple:   minmay_temple_forest_path

Skill      XL: |  1  2  3  4  5  6  7  8  9 |
---------------+----------------------------+-----
Axes           | 3 |  3.9
Fighting       | 4 5 6 |  6.5
Short Blades   | 1 2 4 5 7 10 | 10.2
Armour         | 4 5 7 |  7.4
Shields        | 4 5 |  5.0
Stealth        | 1 |  1.6
Dodging        | |  0.7

Action                   |  1- 3 |  4- 6 |  7- 9 || total
-------------------------+-------+-------+-------++-------
Melee: War axe           |    92 |       |       ||    92
       Short sword       |    27 |   120 |   400 ||   547
Invok: Curse Item        |       |       |     1 ||     1
  Use: Scroll            |       |     8 |     5 ||    13
       Potion            |       |       |     4 ||     4
Armor: Scale mail        |    37 |     6 |       ||    43
       Plate armour      |       |    66 |   195 ||   261
Dodge: Dodged            |    51 |    36 |    75 ||   162
Block: Buckler           |    24 |    27 |    74 ||   125
       Kite shield       |       |       |    11 ||    11

Table legend: (Time is in decaauts)
 A = Elapsed time spent in this place.
 B = Non-inter-level travel time spent in this place.
 C = Inter-level travel time spent in this place.
 D = Time resting spent in this place.
 E = Time spent auto-exploring this place.
 F = Levels seen in this place.
 G = Mean time per level.
                   A        B        C        D        E       F      G
               +--------+--------+--------+--------+--------+-----+--------+
         Total |   8423 |   8245 |    178 |   1207 |   5603 |   9 |  935.9 |
       Dungeon |   7970 |   7876 |     94 |   1207 |   5248 |   8 |  996.2 |
        Temple |    452 |    368 |     84 |      0 |    355 |   1 |  452.0 |
               +--------+--------+--------+--------+--------+-----+--------+

Top non-repeatable levels by time:
     D:7: 1791 daAuts
     D:4: 1237 daAuts
     D:2: 1173 daAuts
     D:6: 1089 daAuts
     D:5: 1006 daAuts
     D:1: 876 daAuts
     D:3: 782 daAuts
  Temple: 452 daAuts
     D:8: 12 daAuts
